 Dungeon Crawl Stone Soup version 0.29.1-12-g30fa7ad0bf (webtiles) character file.

Game seed: 12116370351879469892

44 hawla the Chiller (level 4, 0/33 HPs)
             Began as a Meteoran Ice Elementalist on Dec 24, 2022.
             Succumbed to an orc priest's poison
             ... on level 4 of the Dungeon on Dec 25, 2022.
             The game lasted 00:01:53 (184 turns).

hawla the Chiller (Meteoran Ice Elementalist)        Turns: 184, Time: 00:01:53

Health: 0/33       AC:  2    Str:  9    XL:     4   Next: 8%
Magic:  6/9        EV: 10    Int: 19    God:
Gold:   20         SH:  0    Dex: 14    Spells: 8/9 levels left

rFire   . . .      SeeInvis .   (no weapon)
rCold   . . .      Faith    .   (no shield)
rNeg    . . .      Spirit   .   a - +0 robe
rPois   .          Reflect  .   (no helmet)
rElec   .          Harm     .   (no cloak)
rCorr   .          Rampage  .   (no gloves)
Will    .....                   (no boots)
Stlth   +.........              (no amulet)
HPRegen 0.11/turn               (no ring)
MPRegen 0.11/turn               (no ring)

@: lethally poisoned (0 -> -5), glowing, constricted
A: sense surroundings 1, otherworldly, glowing, explore regen
a: no special abilities


You were on level 4 of the Dungeon.
You visited 1 branch of the dungeon, and saw 4 of its levels.

You collected 20 gold pieces.

Inventory:

Armour
 a - a +0 robe (worn)


   Skills:
 + Level 3.3 Dodging
 - Level 1.4 Stealth
 + Level 3.1 Spellcasting
 + Level 5.1 Ice Magic


You had 8 spell levels left.
You knew the following spells:

 Your Spells              Type           Power      Damage    Failure   Level
a - Freeze                Ice            88%        1d10      1%          1

Your spell library contained the following spells:

 Spells                   Type           Power      Damage    Failure   Level
 Frozen Ramparts          Ice            44%        1d7       5%          3
 Ozocubu's Armour         Ice            22%        N/A       5%          3
 Hailstorm                Conj/Ice       12%        3d5       45%         4


Dungeon Overview and Level Annotations

Branches:
Dungeon (4/15) Zot: 2216
 Temple: D:4-7

Altars:


Innate Abilities, Weirdness & Mutations

You passively map a small area around you.
You are easily found by Zot.
You glow in the dark.
You regain HP and MP as you explore.


Message History

You freeze the orc!
You kill the orc!
Unknown command.
Magic courses through your body. The goblin misses you.
Casting: Freeze (safe; 1% risk of failure)
Confirm with . or Enter, or press ? or * to list all spells.
Aiming: Freeze (safe; 1% risk of failure)
Press: ? - help, Shift-Dir - straight line, f - goblin
Aim: a goblin, wielding a +0 dagger You freeze the goblin.
The goblin is moderately wounded.
The ball python bites you but does no damage.
The ball python barely misses you. The orc closely misses you.
The goblin hits you with a +0 dagger.
* * * LOW HITPOINT WARNING * * *
Casting: Freeze (safe; 1% risk of failure)
Confirm with . or Enter, or press ? or * to list all spells.
Aiming: Freeze (safe; 1% risk of failure)
Press: ? - help, Shift-Dir - straight line, f - orc priest, p - goblin
Aim: an orc priest, wielding a +1 short sword of venom You freeze the orc priest!
The orc priest is heavily wounded.
The ball python bites you but does no damage.
The ball python grabs you. The ball python constricts you.
The orc priest calls upon Beogh to heal the orc priest.
The orc priest is healed somewhat.
The ball python bites you.
* * * LOW HITPOINT WARNING * * *
The ball python constricts you. The orc barely misses you.
The orc priest hits you with a +1 short sword of venom.
* * * LOW HITPOINT WARNING * * *
You are lethally poisoned!
The goblin closely misses you.
Casting: Freeze (safe; 1% risk of failure)
Confirm with . or Enter, or press ? or * to list all spells.
Aiming: Freeze (safe; 1% risk of failure)
Press: ? - help, Shift-Dir - straight line, f/p - orc priest
Aim: an orc priest, wielding a +1 short sword of venom (moderately wounded)
You freeze the orc priest.
The orc priest is heavily wounded.
You die...

###.# .o..
####.# **...
#....# +# ,
#.#### * . #.#
######.# * ##.##
#...g. , ##.o.##
#...
#.....###g##.# *
,
#.....o.o@So.#*,
, *
#.....###o#...#
, ##...##
#.......$ #####
#.####.#. #..,,,
.. , ### . * **
, ,


You could see 2 orc priests, 2 orcs, a goblin and a ball python.

Vanquished Creatures
  A hound (D:4)
  An adder (D:2)
  An orc (D:4)
  2 endoplasms
  A bat (D:2)
  A kobold (D:2)
  A rat (D:2)
8 creatures vanquished.

Notes
Turn   | Place    | Note
-------+----------+-------------------------------------------
     0 | D:1      | hawla the Meteoran Ice Elementalist began the quest for the
                  | Orb.
     0 | D:1      | Reached XP level 1. HP: 14/14 MP: 5/5
    28 | D:2      | Reached XP level 2. HP: 20/20 MP: 3/6
   160 | D:4      | Noticed a hound
   163 | D:4      | Killed a hound
   164 | D:4      | Reached skill level 5 in Ice Magic
   164 | D:4      | Reached XP level 3. HP: 4/26 MP: 3/8
   164 | D:4      | Reached XP level 4. HP: 5/33 MP: 3/9
   184 | D:4      | Succumbed to an orc priest's poison

Illustrated notes

Levels and vault maps discovered:
D:1:      lightli_iron_boxes, layout_loops_cross
D:2:      layout_rooms, serial_shops, shop
D:3:      layout_basic, nicolae_ru_sacrificial_ziggurat, bloody_trog,
          jmf_multi_god_temple, shapermc_ecumenical_altar_ellora, st_stairs_5
D:4:      layout_loops_corners, serial_shops, shop, minmay_bent

Skill      XL: |  1  2 |
---------------+-------+-----
Dodging        | 3 |  3.3
Spellcasting   | 3 |  3.1
Ice Magic      | 5 |  5.1
Stealth        | |  1.4

Action                   |  1- 3 |  4- 6 || total
-------------------------+-------+-------++-------
Melee: Unarmed           |     1 |       ||     1
 Cast: Freeze            |    12 |     5 ||    17
  Use: Scroll            |     2 |       ||     2
       Potion            |       |     1 ||     1
Armor: Robe              |     5 |     2 ||     7
Dodge: Dodged            |     7 |     6 ||    13
